Weeblet, lawful male human Samurai ---- --------- |<..--- ------..)....-- ------- |.....---|.........--..| |..@..| --..|....|.---------|..| |.(_..| --.|-.....---- ---- |.@...| --|.........|--- ---- ---@--- ---.|....|..----...- |.| -----..|....|.....--- |.| ------ |.)|....)........- -.-- |%%]%| --.(....---..)........----- ....| |.%%..... ...|...........--- -|- ----....-------...---......-- ------.---.. -|...-- --...|..---...| . |..|-.........|..--- --.)...|-....|. |..-.............).- - ---..--.....%.. -----.....{....----... ....|...`..... |..............-- --.-- - --.........- |)-----.........| .. --.......-- |... --..------- .| ---...--- |...| ---- -- - ----- Weeblet the Ninja Experience level: 7 Strength: 14 Dexterity: 16 Constitution: 18 Intelligence: 11 Wisdom: 8 Charisma: 8 Health: 0(72) Energy: 26(26) AC: 0 Gold: 1059 Moves: 2171 Your Inventory: Coins $ - 1059 gold pieces Weapons a - an uncursed +0 katana (weapon in hand) b - an uncursed +3 wakizashi (alternate weapon; not wielded) c - an uncursed +0 yumi d - 31 uncursed +0 ya (in quiver) v - an [uncursed +0] aklys Armor w - an [uncursed] +0 pair of iron shoes (being worn) y - a [cursed +0] striped shirt z - a cursed +0 dwarvish iron helm (being worn) A - an [uncursed] +0 dwarvish mithril-coat (being worn) I - an [uncursed +0] pair of low boots Comestibles l - 4 [uncursed] gunyoki Potions p - an [uncursed] potion of blindness u - an [uncursed] black potion [of see invisible] x - an [uncursed] cloudy potion [of sickness] G - a [cursed] yellow potion [of enlightenment] Rings F - an [uncursed] glass ring [of levitation] Wands j - an uncursed wand of slow monster (0:4) Tools g - an uncursed bell i - an uncursed leash m - an [uncursed tin] whistle B - an [uncursed +0] pick-axe C - a [cursed] bag [sack] H - 4 [uncursed tallow] candles Spells known in the end: Name Level Category Fail Memory Your skills at the end: Fighting Skills martial arts [Basic / Master] Weapon Skills short sword [Basic / Expert] long sword [Basic / Expert] bow [Basic / Expert] Spellcasting Skills Final Attributes: You were stridently aligned. Hunger level was 185. Your alignment was 5 / 20. Monster difficulty range was 1 - 7. Level difficulty was 7. You were fast. You were unlucky (-2). You are dead. Vanquished creatures: 2 watchmen a dingo a water nymph a rock piercer a pony 4 gnome lords a gnomish wizard a golden naga hatchling 2 giant ants a little dog 4 dwarves a homunculus 5 hill orcs 4 rothes a giant bat a gas spore a hobbit 3 giant rats 25 gnomes a gecko 9 jackals a fox a kobold 4 grid bugs 2 lichens 5 newts 83 creatures vanquished. Voluntary challenges: You used a wielded weapon 89 times. You read items or engraved 4 times. You put on armor 5 times. You never genocided any monsters. You never polymorphed an object. You never changed form. You used no wishes. You never wrote Elbereth's name. You encountered 1 bones level. You never used any Sokoban shortcuts. Dungeon overview: The Dungeons of Doom: levels 1 to 4 Level 1 a fountain a long staircase Level 2 a potion shop Level 3 a fountain Level 4 a fountain stairs to The Gnomish Mines The Gnomish Mines: levels 5 to 7 Level 5 stairs to The Dungeons of Doom Level 7 <- You were here a delicatessen, a temple, a magic chest, a fountain History has recorded: On T:1 you entered the Dungeons of Doom to retrieve the Amulet of Yendor! On T:278 you reached level 2 of The Dungeons of Doom. On T:413 you advanced to experience level 2. On T:538 you reached level 3 of The Dungeons of Doom. On T:640 you advanced to experience level 3. On T:961 you reached level 4 of The Dungeons of Doom. On T:971 you advanced to experience level 4. On T:1116 you advanced to experience level 5. On T:1191 you reached level 1 of The Gnomish Mines. On T:1299 you advanced to experience level 6. On T:1522 you reached level 2 of The Gnomish Mines. On T:1727 you advanced to experience level 7. On T:1957 you reached level 3 of The Gnomish Mines. Latest messages: The magic missile bounces! [HP-5=43] You miss the watch captain. (2x) The watch captain zaps a wand of magic missile! The magic missile hits you! The magic missile bounces! (3x) [HP-5=38] You hit the watch captain! You miss the watch captain. (2x) The watch captain swings her long sword. The watch captain misses. The watch captain swings her long sword. The watch captain hits! [HP-11=27] You hit the watch captain! The watch captain swings her long sword. The watch captain misses. The watch captain swings her long sword. The watch captain hits! [HP-15=12] You hit the watch captain. The watch captain swings her long sword. The watch captain hits! You die... The sack is empty. Final status: Sayonara Weeblet the Samurai... You died in The Gnomish Mines on dungeon level 7 with 3388 points, and 1059 pieces of gold, after 2171 moves. You were level 7 with a maximum of 72 hit points when you died.